[ AOE2 MATCH · #484099160 ]
UnrankedBerbers vs Incas
Player's team · LOSS
Rival team · WIN
[ REPLAY ANALYSIS · EXTRACTED FROM THE RECORDED GAME ]
Feudal
8:51
Castle
22:25
Imperial
—
| APM avg | 72.4 |
| APM peak | 105 |
| eAPM avg | 26.9 |
| Villagers / military | 62 / 45 |
Focus
⚔️ 26.8% · 🌾 73.2%
Skirmisher ×25 · Knight ×12 · Scout Cavalry ×8
Feudal
9:15
Castle
21:03
Imperial
—
| APM avg | 65.7 |
| APM peak | 128 |
| eAPM avg | 33.8 |
| Villagers / military | 71 / 20 |
Focus
⚔️ 49.6% · 🌾 50.4%
Unknown (2550) ×34 · Archer ×16 · Spearman ×4
Match map
Initial resources + every placement click. Lines = walls · curves = elevation contours. ◆ gold · ⬟ stone · ● berries · ✦ relic · ◌ wall gap
Your base· ✓ Closed at 22:25 · 34t walls · 1 gate(s)
Clearlove's base· Open — unwalled flank
Smoothed initial terrain · ◌ = detected wall gap · hover for details
Inputs per minute
— DS_VortiX - - Clearlove
Build order — DS_VortiX
First 150 of 202 actions detected
| 0:01 | Queue | Villager (Male) |
| 0:01 | Queue | Villager (Male) |
| 0:02 | Build | House |
| 0:02 | Build | House |
| 0:14 | Queue | Villager (Male) |
| 0:15 | Queue | Villager (Male) |
| 1:24 | Queue | Villager (Male) |
| 1:24 | Queue | Villager (Male) |
| 2:02 | Queue | Villager (Male) |
| 2:02 | Queue | Villager (Male) |
| 2:14 | Queue | Villager (Male) |
| 2:16 | Build | Mill |
| 2:48 | Queue | Villager (Male) |
| 2:49 | Queue | Villager (Male) |
| 3:03 | Queue | Villager (Male) |
| 3:03 | Queue | Villager (Male) |
| 3:38 | Queue | Villager (Male) |
| 3:38 | Queue | Villager (Male) |
| 3:56 | Build | House |
| 4:00 | Queue | Villager (Male) |
| 4:08 | Queue | Villager (Male) |
| 4:35 | Queue | Villager (Male) |
| 4:35 | Queue | Villager (Male) |
| 4:36 | Queue | Villager (Male) |
| 4:53 | Build | Lumber Camp |
| 4:58 | Queue | Villager (Male) |
| 5:02 | Research | Loom |
| 5:03 | Research | Loom |
| 6:35 | Research | Feudal Age |
| 6:35 | Research | Feudal Age |
| 6:57 | Build | Lumber Camp |
| 7:22 | Queue | Villager (Male) |
| 7:22 | Queue | Villager (Male) |
| 8:15 | Build | Barracks |
| 8:24 | Build | House |
| 8:51 | Age | Feudal Age |
| 9:13 | Build | Stable |
| 9:19 | Queue | Villager (Male) |
| 9:43 | Build | Mill |
| 10:00 | Queue | Scout Cavalry |
| 10:00 | Queue | Scout Cavalry |
| 10:01 | Queue | Villager (Male) |
| 10:03 | Build | House |
| 10:04 | Build | Palisade Wall |
| 10:05 | Build | Palisade Wall |
| 10:06 | Build | Palisade Wall |
| 10:07 | Build | Palisade Wall |
| 10:12 | Queue | Villager (Male) |
| 10:38 | Build | House |
| 10:55 | Build | Archery Range |
| 10:59 | Queue | Villager (Male) |
| 11:00 | Queue | Scout Cavalry |
| 11:08 | Build | House |
| 11:18 | Build | Farm |
| 11:25 | Queue | Villager (Male) |
| 11:25 | Queue | Villager (Male) |
| 11:30 | Research | Double-Bit Axe |
| 11:30 | Research | Double-Bit Axe |
| 11:49 | Build | Farm |
| 11:51 | Queue | Skirmisher |
| 11:52 | Queue | Skirmisher |
| 11:53 | Queue | Villager (Male) |
| 12:06 | Build | Farm |
| 12:08 | Queue | Villager (Male) |
| 12:12 | Build | Farm |
| 12:18 | Queue | Skirmisher |
| 12:32 | Build | Farm |
| 12:36 | Build | Farm |
| 12:40 | Queue | Skirmisher |
| 12:51 | Queue | Villager (Male) |
| 13:18 | Build | Farm |
| 13:32 | Build | Farm |
| 13:33 | Build | Farm |
| 13:34 | Build | Farm |
| 13:34 | Queue | Villager (Male) |
| 13:45 | Queue | Villager (Male) |
| 13:55 | Build | Farm |
| 14:02 | Queue | Villager (Male) |
| 14:08 | Build | Farm |
| 14:10 | Queue | Skirmisher |
| 14:22 | Build | House |
| 14:25 | Build | Palisade Wall |
| 14:34 | Queue | Villager (Male) |
| 14:39 | Build | Palisade Gate |
| 14:46 | Build | Farm |
| 14:54 | Build | Palisade Wall |
| 14:56 | Build | Palisade Wall |
| 15:03 | Queue | Skirmisher |
| 15:07 | Queue | Villager (Male) |
| 15:09 | Build | Farm |
| 15:23 | Queue | Villager (Male) |
| 15:39 | Queue | Skirmisher |
| 15:50 | Queue | Villager (Male) |
| 16:02 | Build | Blacksmith |
| 16:07 | Queue | Villager (Male) |
| 16:19 | Queue | Villager (Male) |
| 16:26 | Queue | Villager (Male) |
| 16:29 | Queue | Skirmisher |
| 16:29 | Queue | Skirmisher |
| 16:44 | Research | Fletching |
| 16:44 | Research | Fletching |
| 16:45 | Queue | Villager (Male) |
| 16:51 | Queue | Skirmisher |
| 16:53 | Queue | Scout Cavalry |
| 16:54 | Queue | Scout Cavalry |
| 16:56 | Queue | Villager (Male) |
| 16:59 | Build | House |
| 17:13 | Queue | Skirmisher |
| 17:28 | Queue | Villager (Male) |
| 17:31 | Build | Farm |
| 17:33 | Build | Farm |
| 17:41 | Build | Mining Camp |
| 17:47 | Queue | Villager (Male) |
| 17:50 | Build | Farm |
| 17:52 | Build | Farm |
| 18:00 | Queue | Scout Cavalry |
| 18:00 | Queue | Scout Cavalry |
| 18:03 | Queue | Villager (Male) |
| 18:04 | Build | House |
| 18:19 | Queue | Villager (Male) |
| 18:22 | Build | House |
| 18:23 | Build | House |
| 19:16 | Build | Farm |
| 19:45 | Research | Castle Age |
| 19:45 | Research | Castle Age |
| 19:49 | Queue | Villager (Male) |
| 19:50 | Build | Farm |
| 19:51 | Build | Farm |
| 19:53 | Research | Horse Collar |
| 19:53 | Research | Horse Collar |
| 19:56 | Queue | Skirmisher |
| 19:56 | Queue | Skirmisher |
| 20:08 | Queue | Scout Cavalry |
| 20:21 | Queue | Skirmisher |
| 20:22 | Queue | Skirmisher |
| 20:44 | Queue | Skirmisher |
| 20:46 | Build | Stable |
| 20:53 | Queue | Skirmisher |
| 21:12 | Research | Bloodlines |
| 21:15 | Build | Market |
| 21:18 | Queue | Skirmisher |
| 21:20 | Build | Farm |
| 21:24 | Research | Scale Barding Armor |
| 21:24 | Research | Scale Barding Armor |
| 21:26 | Build | Farm |
| 21:26 | Build | Farm |
| 21:40 | Build | House |
| 21:41 | Build | House |
| 22:06 | Build | Watch Tower |
| 22:25 | Age | Castle Age |
Build order — Clearlove
First 150 of 211 actions detected
| 0:00 | Queue | Villager (Male) |
| 0:00 | Queue | Villager (Male) |
| 0:01 | Queue | Villager (Male) |
| 0:02 | Build | House |
| 0:02 | Build | House |
| 0:09 | Queue | Villager (Male) |
| 1:27 | Queue | Villager (Male) |
| 1:27 | Queue | Villager (Male) |
| 1:48 | Build | Settlement |
| 1:58 | Queue | Villager (Male) |
| 2:14 | Queue | Villager (Male) |
| 2:14 | Queue | Villager (Male) |
| 2:46 | Queue | Villager (Male) |
| 3:00 | Queue | Villager (Male) |
| 3:44 | Queue | Villager (Male) |
| 3:45 | Queue | Villager (Male) |
| 4:06 | Queue | Villager (Male) |
| 4:30 | Queue | Villager (Male) |
| 4:54 | Queue | Villager (Male) |
| 4:59 | Build | Settlement |
| 5:14 | Queue | Villager (Male) |
| 5:44 | Queue | Villager (Male) |
| 6:11 | Queue | Villager (Male) |
| 6:36 | Research | Loom |
| 7:04 | Research | Feudal Age |
| 7:05 | Research | Feudal Age |
| 7:53 | Build | Palisade Wall |
| 8:06 | Build | Barracks |
| 8:38 | Build | Palisade Wall |
| 8:40 | Queue | Villager (Male) |
| 9:09 | Queue | Unit 2550 |
| 9:15 | Age | Feudal Age |
| 9:17 | Build | Archery Range |
| 9:20 | Research | Double-Bit Axe |
| 9:25 | Queue | Villager (Male) |
| 9:34 | Build | House |
| 9:45 | Queue | Villager (Male) |
| 9:59 | Queue | Spearman |
| 10:02 | Queue | Archer |
| 10:09 | Build | House |
| 10:11 | Queue | Villager (Male) |
| 10:22 | Queue | Villager (Male) |
| 10:24 | Build | Farm |
| 10:26 | Queue | Spearman |
| 10:27 | Queue | Archer |
| 10:34 | Build | Farm |
| 10:54 | Build | Farm |
| 10:56 | Build | Farm |
| 11:03 | Build | Palisade Wall |
| 11:06 | Queue | Villager (Male) |
| 11:16 | Queue | Archer |
| 11:26 | Build | Palisade Wall |
| 11:28 | Queue | Villager (Male) |
| 11:29 | Build | Farm |
| 11:42 | Build | Palisade Wall |
| 11:46 | Queue | Villager (Male) |
| 11:52 | Queue | Archer |
| 11:54 | Queue | Villager (Male) |
| 11:55 | Queue | Villager (Male) |
| 11:57 | Build | Farm |
| 12:09 | Build | House |
| 12:14 | Queue | Archer |
| 12:17 | Build | Palisade Wall |
| 12:19 | Build | Palisade Wall |
| 12:36 | Queue | Villager (Male) |
| 12:40 | Build | Blacksmith |
| 12:45 | Queue | Villager (Male) |
| 12:52 | Queue | Archer |
| 13:24 | Queue | Archer |
| 13:27 | Research | Fletching |
| 13:40 | Queue | Villager (Male) |
| 13:41 | Build | Farm |
| 13:45 | Build | Farm |
| 13:47 | Build | Farm |
| 13:49 | Build | Farm |
| 13:58 | Queue | Unit 2550 |
| 14:12 | Build | Settlement |
| 14:16 | Queue | Archer |
| 14:19 | Queue | Villager (Male) |
| 14:19 | Queue | Villager (Male) |
| 14:34 | Queue | Villager (Male) |
| 14:45 | Queue | Unit 2550 |
| 14:45 | Queue | Unit 2550 |
| 14:48 | Build | Farm |
| 15:03 | Queue | Villager (Male) |
| 15:05 | Build | Farm |
| 15:07 | Queue | Archer |
| 15:11 | Build | Farm |
| 15:23 | Queue | Villager (Male) |
| 15:29 | Build | Farm |
| 15:42 | Queue | Villager (Male) |
| 15:51 | Queue | Archer |
| 15:55 | Queue | Unit 2550 |
| 15:58 | Queue | Villager (Male) |
| 16:00 | Build | Farm |
| 16:11 | Queue | Villager (Male) |
| 16:33 | Queue | Villager (Male) |
| 16:45 | Queue | Archer |
| 16:46 | Queue | Spearman |
| 16:49 | Queue | Archer |
| 16:59 | Build | Barracks |
| 17:26 | Queue | Villager (Male) |
| 17:28 | Build | Settlement |
| 17:33 | Queue | Archer |
| 17:50 | Build | House |
| 17:57 | Queue | Villager (Male) |
| 18:23 | Research | Castle Age |
| 18:24 | Research | Castle Age |
| 18:25 | Queue | Archer |
| 18:28 | Build | House |
| 18:44 | Queue | Unit 2550 |
| 18:47 | Queue | Unit 2550 |
| 18:50 | Research | Tech 1402 |
| 18:50 | Research | Tech 1402 |
| 18:58 | Build | House |
| 19:04 | Research | Scale Mail Armor |
| 19:04 | Research | Scale Mail Armor |
| 19:17 | Build | Farm |
| 19:19 | Research | Horse Collar |
| 19:19 | Research | Horse Collar |
| 19:24 | Queue | Villager (Male) |
| 19:28 | Build | House |
| 19:33 | Queue | Unit 2550 |
| 19:37 | Queue | Unit 2550 |
| 19:40 | Queue | Archer |
| 19:50 | Build | House |
| 19:57 | Research | Gold Mining |
| 20:03 | Queue | Villager (Male) |
| 20:08 | Queue | Unit 2550 |
| 20:21 | Queue | Unit 2550 |
| 21:03 | Age | Castle Age |
| 21:05 | Research | Tech 1351 |
| 21:11 | Research | Bodkin Arrow |
| 21:12 | Research | Bodkin Arrow |
| 21:13 | Research | Crossbowman (upgrade) |
| 21:13 | Research | Crossbowman (upgrade) |
| 21:18 | Queue | Villager (Male) |
| 21:20 | Build | House |
| 21:31 | Queue | Spearman |
| 21:34 | Queue | Villager (Male) |
| 21:35 | Build | Farm |
| 21:49 | Build | Palisade Wall |
| 21:53 | Queue | Unit 2550 |
| 21:53 | Queue | Unit 2550 |
| 21:58 | Queue | Villager (Male) |
| 22:08 | Research | Arson |
| 22:23 | Research | Tech 1351 |
| 22:23 | Research | Tech 1351 |
| 22:24 | Queue | Unit 2550 |
| 22:24 | Queue | Unit 2550 |
Match timeline
| 7:53 | Clearlove · wall_segment Palisade Wall x5 |
| 8:06 | Clearlove · first_building Barracks |
| 8:15 | DS_VortiX · first_building Barracks |
| 8:38 | Clearlove · wall_segment Palisade Wall x9 |
| 8:51 | DS_VortiX · age_up feudal |
| 9:13 | DS_VortiX · first_building Stable |
| 9:15 | Clearlove · age_up feudal |
| 9:17 | Clearlove · first_building Archery Range |
| 10:04 | DS_VortiX · wall_segment Palisade Wall x1 |
| 10:05 | DS_VortiX · wall_segment Palisade Wall x1 |
| 10:06 | DS_VortiX · wall_segment Palisade Wall x1 |
| 10:07 | DS_VortiX · wall_segment Palisade Wall x1 |
| 10:55 | DS_VortiX · first_building Archery Range |
| 11:03 | Clearlove · wall_segment Palisade Wall x4 |
| 11:26 | Clearlove · wall_segment Palisade Wall x4 |
| 11:42 | Clearlove · wall_segment Palisade Wall x8 |
| 12:17 | Clearlove · wall_segment Palisade Wall x3 |
| 12:19 | Clearlove · wall_segment Palisade Wall x1 |
| 14:25 | DS_VortiX · wall_segment Palisade Wall x16 |
| 14:54 | DS_VortiX · wall_segment Palisade Wall x6 |
| 14:56 | DS_VortiX · wall_segment Palisade Wall x8 |
| 21:03 | Clearlove · age_up castle |
| 21:49 | Clearlove · wall_segment Palisade Wall x6 |
| 22:16 | DS_VortiX · first_market_buy 100 wood |
| 22:25 | DS_VortiX · age_up castle |
| 22:39 | Clearlove · wall_segment Palisade Wall x1 |
| 24:31 | DS_VortiX · first_market_sell 100 food |
| 26:45 | DS_VortiX · wall_segment Palisade Wall x1 |
| 26:48 | DS_VortiX · wall_segment Palisade Wall x1 |
| 26:53 | DS_VortiX · wall_segment Palisade Wall x1 |
| 27:50 | DS_VortiX · wall_segment Palisade Wall x1 |
| 28:08 | DS_VortiX · resign |
[ AI ANALYSIS · 1 CREDIT ]
What really happened in this match?
Wolo.gg analyzes every decision: build order, eco, micro, common mistakes by bracket. Personalized analysis on WhatsApp or Discord in 30 seconds.
Civ guide
Berbers
Perfil
Jugador #60328